 Dungeon Crawl Stone Soup version 0.28.0 (webtiles) character file.

Game seed: 772296342755011524

134 Crownlay the Chopper (level 5, -1/47 HPs)
             Began as a Hill Orc Fighter on Feb 8, 2022.
             Slain by Grinder (8 damage)
             ... while paralysed by Grinder
             ... on level 3 of the Dungeon.
             The game lasted 00:01:45 (2297 turns).

Crownlay the Chopper (Hill Orc Fighter)             Turns: 2297, Time: 00:01:46

Health: -1/47      AC:  6    Str: 19    XL:     5   Next: 17%
Magic:  5/5        EV:  2    Int:  8    God:
Gold:   55         SH:  0    Dex: 12    Spells: 4/4 levels left

rFire   . . .      SeeInvis .   a - +0 war axe
rCold   . . .      Faith    .   c - +0 buckler
rNeg    . . .      Spirit   .   b - +0 scale mail
rPois   +          Reflect  .   (no helmet)
rElec   .          Harm     .   (no cloak)
rCorr   .          Rampage  .   (no gloves)
Will    .....                   (no boots)
Stlth   ..........              (no amulet)
HPRegen 0.15/turn               l - ring of poison resistance
MPRegen 0.09/turn               (no ring)

@: paralysed
A: no striking features
a: no special abilities


You were on level 3 of the Dungeon.
You visited 1 branch of the dungeon, and saw 3 of its levels.

You collected 55 gold pieces.

Inventory:

Hand Weapons
 a - a +0 war axe (weapon)
Armour
 b - a +0 scale mail (worn)
 c - a +0 buckler (worn)
Jewellery
 l - a ring of poison resistance (left hand)
Wands
 n - a wand of paralysis (3)
Scrolls
 e - 2 scrolls of identify {unknown}
 f - a scroll of magic mapping {unknown}
 g - a scroll of enchant weapon {unknown}
 i - a scroll of teleportation {unknown}
Potions
 d - 2 potions of might
 h - 2 potions of haste {unknown}
 j - 2 potions of cancellation {unknown}
 k - a potion of brilliance {unknown}
 m - 2 potions of resistance {unknown}


   Skills:
 + Level 4.6 Fighting
 * Level 5.4 Axes
 - Level 3.2 Armour
 - Level 4.0 Shields


You had 4 spell levels left.
You didn't know any spells.
Your spell library contained the following spells:

 Spells                   Type           Power      Damage    Failure   Level
 Shock                    Conj/Air       0%         1d3       86%         1
 Swiftness                Air            0%         N/A       99%         3
 Airstrike                Air            0%         N/A       100%        4


Dungeon Overview and Level Annotations

Branches:
Dungeon (3/15)

Altars:

Shops:
D:2 :

Annotations:
D:3 Grinder


Message History

You can move again.
You hit Grinder.
Grinder is lightly wounded.
You block Grinder's attack.
You hit Grinder.
Grinder is lightly wounded.
Grinder hits you but does no damage.
You barely miss Grinder.
Grinder is lightly wounded.
Grinder gestures at you. You resist with significant effort.
Grinder gestures at you.
You suddenly lose the ability to move!
Grinder gestures at you. Pain shoots through your body!
Grinder gestures at you. Pain shoots through your body!
* * * LOW HITPOINT WARNING * * *
Grinder gestures at you.
You barely resist.
You can move again.
You barely miss Grinder.
Grinder is lightly wounded.
Grinder hits you.
* * * LOW HITPOINT WARNING * * *
You writhe in agony.
* * * LOW HITPOINT WARNING * * *
You hit Grinder.
Grinder is lightly wounded.
Grinder hits you but does no damage.
You barely miss Grinder.
Grinder is lightly wounded.
Grinder gestures at you.
You suddenly lose the ability to move!
Grinder hits you.
* * * LOW HITPOINT WARNING * * *
Grinder gestures at you.
You shrug off the repeated paralysis!
Grinder hits you!
You die...

#####
##...##
####...<.#
......†..#
...#....)#
# ##...##
##@##
#5.......
.....####
##......
##.#.###
.#.# .# #
..


You could see Grinder.

Vanquished Creatures
  Ijyb (D:3)
  Natasha (twice) (D:2)
  An adder (D:2)
  2 worms (D:2)
  A dart slug (D:2)
  An orc (D:3)
  5 ball pythons
  3 bats
  5 endoplasms
  A giant cockroach (D:1)
  2 goblins (D:1)
  3 hobgoblins
  3 quokkas (D:2)
  3 frilled lizards (D:1)
  4 kobolds (D:1)
  2 rats
  A spectral kobold (D:1)
40 creatures vanquished.

Notes
Turn   | Place    | Note
-------+----------+-------------------------------------------
     0 | D:1      | Crownlay the Hill Orc Fighter began the quest for the Orb.
     0 | D:1      | Reached XP level 1. HP: 19/19 MP: 1/1
   105 | D:1      | Reached skill level 3 in Axes
   131 | D:1      | Found a faded altar of an unknown god.
   170 | D:1      | Reached XP level 2. HP: 22/27 MP: 2/2
   835 | D:2      | Reached XP level 3. HP: 31/33 MP: 3/3
   857 | D:2      | Reached skill level 4 in Axes
   960 | D:2      | Found Acwumim's Book Boutique.
  1628 | D:2      | Noticed Natasha
  1638 | D:2      | Killed Natasha
  1639 | D:2      | Reached XP level 4. HP: 33/41 MP: 4/4
  1655 | D:2      | Noticed Natasha
  1661 | D:2      | Killed Natasha
  1662 | D:2      | Reached skill level 5 in Axes
  2107 | D:3      | Noticed Ijyb
  2110 | D:3      | Paralysed by Ijyb for 6 turns
  2122 | D:3      | Killed Ijyb
  2123 | D:3      | Reached XP level 5. HP: 24/47 MP: 5/5
  2278 | D:3      | Noticed Grinder
  2280 | D:3      | Paralysed by Grinder for 3 turns
  2284 | D:3      | Paralysed by Grinder for 2 turns
  2288 | D:3      | Paralysed by Grinder for 4 turns
  2294 | D:3      | Paralysed by Grinder for 4 turns
  2297 | D:3      | Slain by Grinder

Illustrated notes

Levels and vault maps discovered:
D:1:      ebering_trefoil_3fold, layout_basic,
          dreamdust_ecumenical_altar_drowned_temple, minivault_24,
          grunt_decor_resistance
D:2:      layout_basic, serial_shops, nicolae_shop_behind_doors, uniq_natasha
D:3:      cheibrodos_old_hovel, layout_loops_ring, uniq_sigmund, uniq_grinder,
          uniq_jessica, uniq_ijyb

Skill      XL: |  1  2  3  4 |
---------------+-------------+-----
Axes           | 3 4 5 |  5.4
Fighting       | 4 |  4.6
Shields        | 4 |  4.0
Armour         | |  3.2

Action                   |  1- 3 |  4- 6 || total
-------------------------+-------+-------++-------
Melee: War axe           |    82 |    27 ||   109
Armor: Scale mail        |    37 |    15 ||    52
Dodge: Dodged            |    24 |     8 ||    32
Block: Buckler           |    16 |     3 ||    19
